 Dungeon Crawl Stone Soup version 0.27.1-4-g1640c2035a (webtiles) character file.

Game seed: 16509222614324082497

5949 unlimited1921 the Skirmisher (level 10, 0/153 HPs)
             Began as a Troll Fighter on Nov 16, 2021.
             Was an Initiate of Gozag.
             Slain by a gnoll (6 damage)
             ... on level 9 of the Dungeon.
             The game lasted 00:52:38 (9170 turns).

unlimited1921 the Skirmisher (Troll Fighter)        Turns: 9170, Time: 00:52:42

Health: 0/153      AC: 25    Str: 31    XL:     10   Next: 54%
Magic:  9/9        EV:  1    Int:  4    God:    Gozag
Gold:   348        SH: 10    Dex:  9    Spells: 9/9 levels left

rFire    . . .     SeeInvis +   B - +3 trident (flame)
rCold    . . .     Faith    .   c - +0 kite shield
rNeg     + + +     Spirit   .   (armour currently unavailable)
rPois    +         Reflect  .   (helmet currently unavailable)
rElec    .         Harm     .   (cloak currently unavailable)
rCorr    .         Rampage  .   (gloves unavailable)
Will     .....     NoTele   +   (boots unavailable)
Stlth    ++........             (no amulet)
HPRegen  1.35/turn              C - ring of see invisible
MPRegen  0.11/turn              (no ring)

@: brilliant, tree-form, unable to read, gold aura, attractive
A: stationary, stasis, torment immunity, boosted hp, large, unfitting armour,
(claws 3), regeneration 1, (shaggy fur 1), (tough skin 1), (talons 1), strong 1,
inability to read while threatened
a: Renounce Religion, Potion Petition, Call Merchant, Bribe Branch


You were on level 9 of the Dungeon.
You worshipped Gozag.
Gozag was aware of your devotion.
You were a tree.
You visited 2 branches of the dungeon, and saw 10 of its levels.
You also visited: Sewer.

You collected 529 gold pieces.
You paid 181 gold pieces to Gozag.

Inventory:

Hand Weapons
 a - a +0 long sword
 e - a +0 mace
 o - a +2 quarterstaff of chaos
 z - a +0 great sword
 B - a +3 trident of flaming (weapon)
 K - a +0 dire flail of draining
 L - a +2 hand axe of draining
Missiles
 i - 8 curare-tipped darts
 l - 59 bolts
 s - 23 poisoned darts
 E - 8 javelins
 F - 16 sling bullets
 I - 4 boomerangs
 O - 2 throwing nets (quivered)
Armour
 b - a +0 robe (melded)
 c - a +0 kite shield (worn)
 p - a +0 cloak (melded)
 D - the +0 mask of the Dragon (melded) {Will+ Slay+3 SInv}
   (You found it on level 5 of the Dungeon)

   Slay:      It affects your accuracy & damage with ranged weapons and melee
   (+3).
   SInv:      It lets you see invisible.
   Will:      It increases your willpower.
 N - a +1 hat
Jewellery
 C - a ring of see invisible (left branch)
Wands
 u - a wand of digging (9)
 v - a wand of iceblast (12)
 P - a wand of acid (8)
Scrolls
 g - a scroll of noise
 j - 2 scrolls of amnesia {unknown}
 r - a scroll of fear
 t - a scroll of teleportation
 w - a scroll of enchant weapon
 y - a scroll of blinking
 A - a scroll of silence
 G - a scroll of magic mapping {unknown}
 J - a scroll of identify
Potions
 d - 3 potions of might
 f - a potion of invisibility
 k - 2 potions of attraction
 m - a potion of brilliance
 q - a potion of mutation
 x - a potion of flight
 H - a potion of berserk rage


   Skills:
 * Level 7.5 Fighting
 - Level 2.1 Long Blades
 - Level 6.1 Polearms
 + Level 4.6 Throwing
 + Level 6.0 Dodging
 + Level 2.5 Stealth
 * Level 5.3 Shields
 + Level 0.2 Evocations


You had 9 spell levels left.
You didn't know any spells.
Your spell library contained the following spells:

 Spells                   Type           Power      Damage    Failure   Level
 Freeze                   Ice            0%         1d3       77%         1
 Dazzling Flash           Conj/Hex       0%         N/A       98%         3
 Frozen Ramparts          Ice            0%         1d2       98%         3
 Hailstorm                Conj/Ice       0%         3d3       100%        4
 Agony                    Necr           0%         N/A       100%        5
 Iskenderun's Battlesphe  Conj           0%         2d6       100%        5
 Silence                  Hex/Air        0%         N/A       100%        5
 Iron Shot                Conj/Erth      0%         9d1       100%        6
 Spellforged Servitor     Conj/Summ      0%         N/A       100%        7


Dungeon Overview and Level Annotations

Branches:
Dungeon (9/15)             Temple (1/1) D:5           Sewer (visited)
   Lair: D:8-11         Orc: D:9-12

Altars:
Ashenzari
Cheibriados
Dithmenos
Fedhas
Gozag
Hepliaklqana
Kikubaaqudgha
Makhleb
Nemelex Xobeh
Okawaru
Qazlal
Ru
Sif Muna
Trog
Uskayaw
Vehumet
Wu Jian
Xom
Yredelemnul
Zin
The Shining One

Shops:
D:8 (

Annotations:
D:9 Prince Ribbit


Innate Abilities, Weirdness & Mutations

You are a tree.
Your roots penetrate the ground, keeping you stationary.
You cannot be teleported.
You are immune to unholy pain and torment.
Your maximum health is greatly increased.
Your equipment is partially melded.
You are too large for most types of armour.
((You have claws for hands.))
Your natural rate of healing is unusually fast.
((You are covered in fur. (AC +1)))
((You have tough skin. (AC +1)))
((You have sharp toenails.))
Your muscles are strong. (Str +2)
You sometimes lose the ability to read scrolls when taking damage.


Message History

Unknown command.
You feel better.
The killer bee stings you but does no damage.
Your gnoll completely misses the killer bee.
Your gnoll hits the killer bee with a +0 club.
The killer bee stings you but does no damage.
You block the gnoll's attack. You block the troll's attack.
The troll claws you.
* * * LOW HITPOINT WARNING * * *
The troll claws you but does no damage. The gnoll hits you but does no damage.
The killer bee stings you but does no damage.
Throw: 9 darts (curare)
Press: ? - help, Q - select action, (/) - cycle Shift-Dir - straight line, f - killer bee, p - killer bee
Aim: a killer bee (heavily wounded, ally target, 31% to hit)
You throw a curare-tipped dart.
The curare-tipped dart closely misses the killer bee.
You block the killer bee's attack. x2
Your gnoll closely misses the killer bee. x2
The gnoll hits you but does no damage. The troll bites you but does no damage.
You block the troll's attack. The troll claws you but does no damage.
Prince Ribbit comes into view.
The gnoll hits you from afar with a +0 halberd!
* * * LOW HITPOINT WARNING * * *
You block the killer bee's attack.
Your magical contamination has completely faded away.
Prince Ribbit is pulled toward you!
Throw: 3 throwing nets
Press: ? - help, Q - select action, (/) - cycle Shift-Dir - straight line, f - troll, p - killer bee
Aim: a troll (60% to hit)
You throw a throwing net. The throwing net hits the troll.
The troll is caught in the net!
The killer bee stings you but does no damage.
The killer bee stings you.
* * * LOW HITPOINT WARNING * * *
Your gnoll completely misses the killer bee.
Your gnoll barely misses the killer bee.
The gnoll hits you but does no damage.
The troll struggles against the net.
The gnoll hits you from afar with a +0 halberd.
You die...
Your body crumbles into a pile of gold.

#### #..### #....##
#####.....# . #
#<##......###### .#
##.#....Ty..###...## ...
#......g♣gg.###....# ...y
#......$y#g##.....##.....
#.........$#$#.........#
##.........F..........#...
####...........$.....#
#.....#...).........!..
#(.###.##...........#...
#.. #.......$.....##... ##
#.....##........ .#


You could see Prince Ribbit, a troll (caught), 2 killer bees, 2 gnolls and 2
friendly gnolls.

Vanquished Creatures
  Harold (D:8)
  A boulder beetle (D:7)
  A troll (D:7)
  3 yaks (D:8)
  3 vampire mosquitoes (D:8)
  An acid dragon (D:8)
  3 water moccasins
  An ice beast (D:7)
  2 hornet zombies
  4 necrophages
  2 orc warriors
  A black bear (D:4)
  An ogre (D:5)
  A centaur (D:6)
  A bullfrog (D:8)
  2 gnoll sergeants
  A wyvern skeleton (D:7)
  A water moccasin zombie (D:6)
  7 killer bees
  A wight (D:8)
  A howler monkey (D:6)
  2 bullfrog zombies (D:6)
  7 centaur zombies
  2 hounds
  3 human zombies
  2 jellies
  A bullfrog skeleton (D:6)
  Crazy Yiuf (D:2)
  A centaur skeleton (D:5)
  3 gnoll shamans
  Jessica (D:3)
  4 iguanas
  A scorpion zombie (D:5)
  An orc wizard (D:7)
  A human skeleton (D:5)
  3 killer bee zombies (D:8)
  A hound zombie (D:5)
  A mummy (D:8)
  18 gnolls
  5 adders
  A river rat (D:6)
  2 white imps
  An adder skeleton (D:4)
  A worm (D:2)
  2 dart slugs
  10 orcs
  7 endoplasms
  7 giant cockroaches
  11 goblins
  4 hobgoblins
  3 jackals (D:3)
  5 quokkas
  7 ball pythons
  9 bats
  3 frilled lizards
  5 kobolds
  3 orc skeletons (D:5)
  8 rats
186 creatures vanquished.

Vanquished Creatures (collateral kills)
  A killer bee (D:9)
  A howler monkey (D:9)
2 creatures vanquished.

Grand Total: 188 creatures vanquished

Notes
Turn   | Place    | Note
-------+----------+-------------------------------------------
     0 | D:1      | unlimited1921 the Troll Fighter began the quest for the
                  | Orb.
     0 | D:1      | Reached XP level 1. HP: 22/22 MP: 0/0
    69 | D:1      | Reached XP level 2. HP: 28/29 MP: 1/1
   305 | D:1      | Reached skill level 3 in Fighting
   496 | D:1      | Found a faded altar of an unknown god.
   547 | D:1      | Reached XP level 3. HP: 37/37 MP: 2/2
  1027 | D:2      | Found a runed translucent door.
  1028 | D:2      | Noticed Crazy Yiuf
  1344 | D:2      | Killed Crazy Yiuf
  1345 | D:2      | Reached XP level 4. HP: 48/48 MP: 3/3
  1589 | D:3      | Reached skill level 4 in Fighting
  1657 | D:3      | Noticed Jessica
  1664 | D:3      | Killed Jessica
  1668 | D:3      | Found a stormy altar of Qazlal.
  1714 | D:3      | You fall into a shaft and drop 1 floor!
  1801 | D:4      | Reached XP level 5. HP: 48/55 MP: 4/4
  2026 | D:4      | Noticed a black bear
  2130 | D:4      | Killed a black bear
  2131 | D:4      | Reached skill level 5 in Fighting
  2131 | D:4      | Reached skill level 1 in Throwing
  2131 | D:4      | Reached skill level 1 in Stealth
  2131 | D:4      | Reached XP level 6. HP: 35/66 MP: 5/5
  2775 | D:5      | Entered Level 5 of the Dungeon
  3362 | D:5      | Reached XP level 7. HP: 66/72 MP: 6/6
  3403 | D:5      | Reached skill level 1 in Polearms
  3439 | D:5      | Found a staircase to the Ecumenical Temple.
  3454 | Temple   | Entered the Ecumenical Temple
  3856 | D:5      | Found the +0 mask of the Dragon {Will+ Slay+3 SInv}
  4285 | D:5      | Found a radiant altar of Vehumet.
  4313 | D:5      | Found a sparkling altar of Nemelex Xobeh.
  4780 | D:6      | Found a glowing drain.
  4805 | Sewer    | Entered a sewer
  4846 | Sewer    | Reached XP level 8. HP: 81/83 MP: 7/7
  4986 | D:6      | Found a bloodstained altar of Trog.
  5425 | D:6      | Found a basalt altar of Yredelemnul.
  5444 | D:6      | Reached skill level 6 in Fighting
  6308 | D:7      | Noticed a troll
  6381 | D:7      | Killed a troll
  6382 | D:7      | Reached skill level 5 in Polearms
  6382 | D:7      | Reached XP level 9. HP: 64/91 MP: 8/8
  6692 | D:7      | Noticed a boulder beetle
  6724 | D:7      | Killed a boulder beetle
  6725 | D:7      | Reached skill level 5 in Dodging
  7473 | D:8      | Reached XP level 10. HP: 97/100 MP: 9/9
  7637 | D:8      | Found an ancient bone altar of Kikubaaqudgha.
  7651 | D:8      | Reached skill level 5 in Shields
  7668 | D:8      | Reached skill level 7 in Fighting
  8013 | D:8      | Noticed Harold
  8033 | D:8      | Killed Harold
  8547 | D:8      | Found Useash's Antique Weapon Emporium.
  8901 | D:8      | Found an opulent altar of Gozag.
  8908 | D:8      | Became a worshipper of Gozag Ym Sagoz the Greedy
  9161 | D:9      | Gained mutation: You sometimes lose the ability to read
                  | scrolls when taking damage. [potion of mutation]
  9161 | D:9      | Gained mutation: Your muscles are strong. (Str +2) [potion
                  | of mutation]
  9161 | D:9      | Gained mutation: You have sharp toenails. [potion of
                  | mutation]
  9169 | D:9      | Noticed Prince Ribbit
  9170 | D:9      | HP: 6/153 [killer bee (5)]
  9170 | D:9      | Slain by a gnoll

Illustrated notes

Levels and vault maps discovered:
D:1:      lightli_arrival_statuegarden, layout_basic,
          dreamdust_ecumenical_altar_grove, grunt_decor_junction
D:2:      layout_rooms, uniq_crazy_yiuf_cottage
D:3:      layout_rooms, lemuel_crystal_altar, uniq_jessica
D:4:      layout_loops_cross
D:5:      layout_cave_pools, mainiacjoe_overflow_two_lobes,
          minmay_temple_entry_drinking_statues, nicolae_ossuary_entry_catacombs,
          serial_glass, glass_columns_c, glass_columns_b, due_unseen_surprise,
          feat_on_display, item_on_display_a
D:6:      layout_cave_pools, trog_book, nicolae_yredelemnul_corpse_copse,
          portal_sewer_entry_a, skrybe_limestone_x
D:7:      layout_gridville, serial_glass, glass_columns_a, glass_columns_c,
          glass_columns_a, glass_columns_a, glass_columns_a, glass_columns_c
D:8:      layout_basic, nicolae_gozag_cash_rules_everything_around_me,
          lemuel_mausoleum_altar_kikubaaqudgha, serial_shops, shop, uniq_harold
D:9:      layout_cave_pools, david_orc_4, dk_noncrumbling_3, uniq_prince_ribbit1
Temple:   minmay_temple_curvy_branch

Skill      XL: |  1  2  3  4  5  6  7  8  9 10 |
---------------+-------------------------------+-----
Fighting       | 3 4 5 6 7 |  7.5
Throwing       | 1 2 4 |  4.6
Stealth        | 1 2 |  2.5
Long Blades    | 2 |  2.1
Polearms       | 3 5 6 |  6.1
Shields        | 3 4 5 |  5.3
Dodging        | 3 4 5 6 |  6.0
Evocations     | |  0.2

Action                   |  1- 3 |  4- 6 |  7- 9 | 10-12 || total
-------------------------+-------+-------+-------+-------++-------
Melee: Long sword        |   133 |   146 |       |       ||   279
       Trident           |       |    10 |   298 |    84 ||   392
Throw: Dart              |     1 |    13 |    22 |     6 ||    42
       Boomerang         |       |       |     7 |    17 ||    24
       Throwing net      |       |       |       |     1 ||     1
Evoke: Wand              |       |       |     2 |     5 ||     7
  Use: Scroll            |       |       |     6 |       ||     6
       Potion            |       |       |     2 |    12 ||    14
 Stab: Sleeping          |       |     1 |     3 |     8 ||    12
Armor: Robe              |    56 |    51 |   106 |    13 ||   226
       Skin              |       |       |       |    72 ||    72
Dodge: Dodged            |    56 |    87 |   145 |    36 ||   324
Block: Kite shield       |    53 |   116 |   153 |    79 ||   401
       Rpst.: Long sword |    18 |    20 |       |       ||    38
